 Dungeon Crawl Stone Soup version 0.24.0-13-gcf9b319 (webtiles) character file.

Game seed: 8915845190990842187, levelgen mode: deterministic

65 Fang the Skirmisher (level 4, 0/29 HPs)
             Began as a Gargoyle Berserker on Nov 20, 2019.
             Was a Follower of Trog.
             Slain by a gnoll (1 damage)
             ... on level 2 of the Dungeon.
             The game lasted 00:01:59 (1231 turns).

Fang the Skirmisher (Gargoyle Berserker)            Turns: 1231, Time: 00:02:00

Health: 0/29       AC:  5    Str: 22    XL:     4   Next: 13%
Magic:  4/4        EV: 12    Int:  7    God:    Trog [*.....]
Gold:   90         SH:  0    Dex:  9    Spells: 3/3 levels left

rFire    . . .     SeeInvis .   a - +0 hand axe
rCold    . . .     Gourm    .   (no shield)
rNeg     + . .     Faith    .   b - +0 animal skin
rPois    ∞         Spirit   .   (no helmet)
rElec    +         Reflect  .   e - scarf {repulsion}
rCorr    .         Harm     .   (no gloves)
MR       .....                  (no boots)
Stlth    +.........             l - amulet of regeneration
HPRegen  0.49/turn              (no ring)
MPRegen  0.09/turn              (no ring)

@: berserk cooldown, slowed, repel missiles, very slow
A: negative energy resistance 1, electricity resistance, unbreathing,
petrification resistance, rot immunity, AC +3
a: Berserk, Renounce Religion


You were on level 2 of the Dungeon.
You worshipped Trog.
Trog was aware of your devotion.
You were hungry.

You visited 1 branch of the dungeon, and saw 2 of its levels.

You collected 90 gold pieces.

Inventory:

Hand Weapons
 a - a +0 hand axe (weapon)
Armour
 b - a +0 animal skin (worn)
 e - a scarf of repulsion (worn)
Jewellery
 l - an amulet of regeneration (around neck)
Scrolls
 d - a scroll of noise {unknown}
 f - a scroll of enchant armour {unknown}
 g - a scroll of teleportation {unknown}
 i - a scroll of identify {unknown}
 j - 2 scrolls of blinking {unknown}
 k - 2 scrolls of remove curse {unknown}
 m - a scroll of fear {unknown}
Comestibles
 c - 3 rations


   Skills:
 + Level 3.9 Fighting
 + Level 3.2 Axes
 + Level 3.0 Armour
 + Level 2.2 Dodging


You had 3 spell levels left.
You didn't know any spells.
Your spell library was empty.

Dungeon Overview and Level Annotations

Branches:
Dungeon (2/15)

Altars:
Ashenzari
Nemelex Xobeh
Wu Jian
Zin
The Shining One


Innate Abilities, Weirdness & Mutations

You are resistant to torment.
Your stone body is resilient. (AC +3)
You are immune to poison.
You resist negative energy. (rN+)
You are resistant to electric shocks. (rElec)
You can survive without breathing.
You are immune to petrification.
You are immune to rotting.


Message History

You kill the gnoll!
Trog accepts your kill.
Your Armour skill increases to level 3!
You have reached level 4!
You feel stronger.
You hit the gnoll. You slash the leopard gecko!
You kill the leopard gecko!
Trog accepts your kill. The gnoll hits you.
* * * LOW HITPOINT WARNING * * *
The gnoll closely misses you. The gnoll completely misses you.
Things that are here:
a +0 club; a gnoll corpse You feel a strong urge to attack something.
The gnoll barely misses you.
You are no longer berserk.
You are exhausted.
You feel yourself slow down. The gnoll hits you.
You die...

### ### #.# ##_## #..
#######+#######...#####
##.........##.........##
.........###..##...##..#
#.g@.#_..###_._###..
#...g###..#######..#
#..)...##.........##
#.....$.#####.#####.
#.....### #'#.....
#.....# #...###' #.....#
##### #. ####..# #. ....
#..# #.


You could see 2 gnolls.

Vanquished Creatures
  2 gnolls (D:2)
  2 oozes
  2 dart slugs (D:1)
  3 leopard geckos (D:2)
  3 giant cockroaches
  2 goblins (D:2)
  A hobgoblin (D:2)
  4 bats
  A frilled lizard (D:1)
  5 kobolds
  7 rats
32 creatures vanquished.

Notes
Turn   | Place    | Note
-------+----------+-------------------------------------------
     0 | D:1      | Fang the Gargoyle Berserker began the quest for the Orb.
     0 | D:1      | Reached XP level 1. HP: 14/14 MP: 1/1
   141 | D:1      | Reached XP level 2. HP: 19/19 MP: 2/2
   606 | D:2      | Reached XP level 3. HP: 23/23 MP: 3/3
  1106 | D:2      | Found a sparkling altar of Nemelex Xobeh.
  1106 | D:2      | Found an ornate altar of the Wu Jian Council.
  1111 | D:2      | Found a glowing golden altar of the Shining One.
  1113 | D:2      | Found a shattered altar of Ashenzari.
  1114 | D:2      | Found a glowing silver altar of Zin.
  1228 | D:2      | Reached XP level 4. HP: 5/29 MP: 4/4
  1228 | D:2      | HP: 1/43 [gnoll (4)]
  1231 | D:2      | Slain by a gnoll

Levels and vault maps discovered:
D:1:      psy_arrival_basics, layout_basic
D:2:      layout_basic, chequers_temple_overflow_minitemple

Skill      XL: |  1  2  3 |
---------------+----------+-----
Axes           | 3 |  3.2
Dodging        | 2 |  2.2
Armour         | 3 |  3.0
Fighting       | |  3.9

Action                   |  1- 3 |  4- 6 || total
-------------------------+-------+-------++-------
Melee: Hand axe          |    78 |       ||    78
Invok: Berserk           |     1 |       ||     1
  Eat: Chunk             |     1 |       ||     1
Armor: Animal skin       |    21 |       ||    21
Dodge: Dodged            |    59 |     3 ||    62
       Deflected         |     1 |       ||     1
